 Dungeon Crawl Stone Soup version 0.25-a0-364-ge76b031baf (webtiles) character file.

Game seed: 17533658625151120295, levelgen mode: deterministic

585 Borgoz the Cudgeler (level 7, -1/44 HPs)
             Began as a Gargoyle Berserker on Jan 4, 2020.
             Was a Priest of Trog.
             Slain by a gnoll
             ... wielding a +0 spear
              (5 damage)
             ... on level 5 of the Dungeon.
             The game lasted 00:06:30 (4356 turns).

Borgoz the Cudgeler (Gargoyle Berserker)            Turns: 4356, Time: 00:06:30

Health: -1/44      AC:  7    Str: 22    XL:     7   Next: 37%
Magic:  7/7        EV: 13    Int:  8    God:    Trog [***...]
Gold:   168        SH:  0    Dex:  9    Spells: 6/6 levels left

rFire    . . .     SeeInvis .   v - +2 flail (venom)
rCold    . . .     Gourm    .   (no shield)
rNeg     + . .     Faith    .   b - +0 animal skin
rPois    ∞         Spirit   .   (no helmet)
rElec    +         Reflect  .   (no cloak)
rCorr    .         Harm     .   (no gloves)
MR       .....                  (no boots)
Stlth    +.........             (no amulet)
HPRegen  0.14/turn              (no ring)
MPRegen  0.10/turn              (no ring)

@: berserk cooldown, slowed, very slow
A: negative energy resistance 1, electricity resistance, unbreathing,
petrification resistance, rot immunity, AC +4
a: Berserk, Trog's Hand, Renounce Religion


You were on level 5 of the Dungeon.
You worshipped Trog.
Trog was most pleased with you.
You were hungry.

You visited 1 branch of the dungeon, and saw 5 of its levels.

You collected 168 gold pieces.

Inventory:

Hand Weapons
 v - a +2 flail of venom (weapon)
Missiles
 o - a throwing net (quivered)
Armour
 b - a +0 animal skin (worn)
Jewellery
 m - an uncursed amulet of faith
 p - an uncursed ring of fire
Scrolls
 h - 3 scrolls of teleportation {unknown}
 i - 2 scrolls of amnesia {unknown}
 l - 2 scrolls of remove curse {unknown}
 q - 2 scrolls of magic mapping {unknown}
 s - a scroll of blinking {unknown}
Potions
 a - a potion of degeneration {unknown}
 d - a potion of mutation
 f - 2 potions of agility
 g - a potion of flight
 j - 2 potions of haste
 k - 4 potions of curing
 n - a potion of heal wounds
 r - a potion of cancellation
 t - a potion of resistance
Comestibles
 c - 8 rations
 u - a chunk of flesh


   Skills:
 + Level 4.9 Fighting
 * Level 5.7 Maces & Flails
 + Level 4.2 Armour
 + Level 3.1 Dodging


You had 6 spell levels left.
You didn't know any spells.
Your spell library was empty.

Dungeon Overview and Level Annotations

Branches:
Dungeon (5/15)
 Temple: D:4-7

Altars:
Makhleb
Vehumet

Annotations:
D:5 Eustachio


Innate Abilities, Weirdness & Mutations

You are resistant to torment.
Your stone body is resilient. (AC +4)
You are immune to poison.
You resist negative energy. (rN+)
You are resistant to electric shocks. (rElec)
You can survive without breathing.
You are immune to petrification.
You are immune to rotting.


Message History

A howler monkey skeleton comes into view.
An orc priest and Eustachio come into view.
Eustachio is wielding a +0 rapier of draining.
Eustachio shouts!
The orc shouts!
The orc priest shouts!
Eustachio gestures wildly while chanting.
The gnoll closely misses you. The worker ant zombie misses you.
An orc comes into view. It is wielding a +0 flail.
The orc misses you.
An orc comes into view. It is wielding a +0 flail.
As you read the scroll of fog, it crumbles to dust.
The scroll dissolves into smoke.
The orc shouts!
The orc misses you.
Eustachio mumbles some strange words.
Eustachio blinks!
The gnoll barely misses you.
The orc hits you with a +1 war axe of electrocution.
* * * LOW HITPOINT WARNING * * *
You closely miss the orc priest.
The gnoll hits you from afar with a +0 spear.
You die...

....Z# # ...... ##.
##.... ...#
....#....# ...##
....#.[.. ....# .
#....†)# #.5### .#
##....oZ####..#.#..#
#......g#§§5........
.......§§@o§..o.....
#.#....§##o@<.......
# #.....##§§........
.........##.........
..###...............
.. ................
#.....##.........
...#####.........
.... ##......##


You could see Eustachio, an orc priest, a gnoll, a shadow imp and an orc.

Vanquished Creatures
  An ogre (D:4)
  A phantom (D:4)
  2 howler monkeys
  3 worker ants
  A hound skeleton (D:4)
  7 adders
  6 gnolls
  2 oozes
  4 worms
  2 dart slugs
  5 leopard geckos
  5 orcs (D:3)
  4 giant cockroaches
  10 goblins
  10 hobgoblins
  8 jackals
  3 quokkas
  A ball python skeleton (D:4)
  7 bats
  4 frilled lizards
  11 kobolds
  12 rats
109 creatures vanquished.

Notes
Turn   | Place    | Note
-------+----------+-------------------------------------------
     0 | D:1      | Borgoz the Gargoyle Berserker began the quest for the Orb.
     0 | D:1      | Reached XP level 1. HP: 14/14 MP: 1/1
    40 | D:1      | Reached XP level 2. HP: 14/19 MP: 2/2
   263 | D:1      | Reached XP level 3. HP: 5/23 MP: 3/3
   540 | D:1      | Reached ** piety under Trog
  1324 | D:2      | Reached XP level 4. HP: 29/29 MP: 4/4
  1397 | D:2      | Found a radiant altar of Vehumet.
  1415 | D:2      | Reached skill level 4 in Maces & Flails
  1883 | D:2      | Found a burning altar of Makhleb.
  1883 | D:2      | Noticed a cacodemon
  2163 | D:3      | Reached XP level 5. HP: 33/33 MP: 5/5
  2481 | D:3      | Reached *** piety under Trog
  3251 | D:3      | Reached XP level 6. HP: 23/38 MP: 6/6
  3638 | D:4      | Reached skill level 5 in Maces & Flails
  3725 | D:4      | Noticed a phantom
  3750 | D:4      | Killed a phantom
  3750 | D:4      | Reached XP level 7. HP: 39/44 MP: 7/7
  4318 | D:5      | Entered Level 5 of the Dungeon
  4353 | D:5      | Noticed Eustachio
  4356 | D:5      | Slain by a gnoll

Levels and vault maps discovered:
D:1:      lightli_molten_gateway, layout_basic
D:2:      layout_basic, lemuel_round_altar, makhleb_altar_promises_db,
          minmay_goblin_outpost
D:3:      layout_loops_cross, first_ration
D:4:      layout_cave_pools
D:5:      layout_cave_pools, serial_shops, shop, uniq_eustachio

Skill      XL: |  1  2  3  4  5  6  7 |
---------------+----------------------+-----
Dodging        | 2 3 |  3.1
Maces & Flails | 4 5 |  5.7
Armour         | 3 4 |  4.2
Fighting       | 4 |  4.9

Action                   |  1- 3 |  4- 6 |  7- 9 || total
-------------------------+-------+-------+-------++-------
Melee: Mace              |   126 |   140 |       ||   266
       Flail             |       |    88 |    39 ||   127
Invok: Berserk           |       |     3 |     1 ||     4
  Use: Scroll            |     4 |     2 |     5 ||    11
 Stab: Sleeping          |       |     1 |       ||     1
  Eat: Chunk             |     1 |    10 |     3 ||    14
Armor: Animal skin       |    50 |    85 |    18 ||   153
Dodge: Dodged            |    97 |   154 |    38 ||   289

Table legend:
 A = Non-vault XP
 B = Vault XP
 C = Vault XP percentage of total XP
 D = Non-vault monster count
 E = Vault monster count
 F = Vault count percentage of total count
                 A         B        C        D         E       F
            +---------+---------+-------+---------+---------+-------
      Total |     827 |      10 |   1.2 |     104 |       5 |   4.6
            +---------+---------+-------+---------+---------+-------
        D:1 |      48 |       0 |   0.0 |      27 |       0 |   0.0
        D:2 |      96 |      10 |   9.4 |      25 |       5 |  16.7
        D:3 |     141 |       0 |   0.0 |      33 |       0 |   0.0
        D:4 |     407 |       0 |   0.0 |      13 |       0 |   0.0
        D:5 |     135 |       0 |   0.0 |       6 |       0 |   0.0
            +---------+---------+-------+---------+---------+-------
